[Event "Titled Tuesday Blitz June 28 Early 2022"]
[White "Ciuffoletti, Paolo"]
[Black "Coto Mederos, Michel"]
[WhiteFideId "807630"]
[BlackFideId "3508528"]
[WhiteElo "2143"]
[BlackElo "2427"]
[Result "0-1"]
[Round "11"]
[TimeControl "180+1"]
[Date "2022.06.28"]
[WhiteClock "0:00:16"]
[BlackClock "0:00:51"]

1. e4 d5 2. exd5 Qxd5 3. Nc3 Qa5 4. d4 Nf6 5. Nf3 c6 6. Bc4 Bf5 7. O-O e6 8. Re1 Be7 9. Ne5 O-O 10. Bb3 Nbd7 11. Qf3 Rad8 12. Bg5 h6 13. Bh4 Qc7 14. h3 Nxe5 15. dxe5 Nd5 16. Bxe7 Qxe7 17. Ne4 Bxe4 18. Qxe4 Rd7 19. c4 Nb4 20. a3 Nd3 21. Bc2 Rfd8 22. Rad1 Rd4 23. Rxd3 Rxe4 24. Rxd8+ Qxd8 25. Bxe4 Qd2 26. Re3 Qc1+ 27. Kh2 Qxb2 28. f4 Qd4 29. Re1 Qf2 0-1


[Site "https://www.chess.com"]

[Event "Titled Tuesday Blitz June 28 Early 2022"]
[White "Coelho, Ramyres Santana"]
[Black "Saito, Vinicius"]
[WhiteFideId "2120690"]
[BlackFideId "2113384"]
[WhiteElo "1888"]
[BlackElo "2168"]
[Result "0-1"]
[Round "11"]
[TimeControl "180+1"]
[Date "2022.06.28"]
[WhiteClock "0:00:11"]
[BlackClock "0:00:32"]

1. e4 c5 2. Nf3 d6 3. d4 cxd4 4. Nxd4 Nf6 5. Nc3 a6 6. f3 e5 7. Nb3 Be6 8. Be3 h5 9. Qd2 Nbd7 10. O-O-O Rc8 11. Kb1 Qc7 12. Nd5 Bxd5 13. exd5 g6 14. c4 b6 15. f4 a5 16. fxe5 Nxe5 17. Rc1 Bg7 18. Nd4 O-O 19. Be2 Nfd7 20. Bh6 Nc5 21. Bxg7 Kxg7 22. Qg5 Rh8 23. Nf5+ Kf8 24. Qf6 Rh7 25. Nxd6 Ncd7 26. Qxe5 Nxe5 27. Nxc8 Qxc8 28. Rhd1 f6 29. a3 Rd7 30. Rf1 Kg7 31. b4 Qf8 32. c5 Rxd5 33. Rfd1 Rxd1 34. Bxd1 axb4 35. axb4 Nd3 36. Rc4 bxc5 37. bxc5 Nxc5 38. Bc2 Qd6 39. g3 Qd5 40. Rb4 f5 41. Kb2 Ne4 42. Bb3 Qd2+ 43. Ka3 Nc5 44. Rb5 Nxb3 45. Rxb3 Qxh2 46. Kb4 h4 47. gxh4 Qxh4+ 48. Kc5 Qe4 49. Rb6 Qe3+ 50. Kc6 Qxb6+ 51. Kxb6 f4 52. Kc5 f3 53. Kd4 f2 0-1


[Site "https://www.chess.com"]

[Event "Titled Tuesday Blitz June 28 Early 2022"]
[White "Costachi, Mihnea"]
[Black "Garv Gaur"]
[WhiteFideId "1217518"]
[BlackFideId "45030839"]
[WhiteElo "2476"]
[BlackElo "1950"]
[Result "1-0"]
[Round "11"]
[TimeControl "180+1"]
[Date "2022.06.28"]
[WhiteClock "0:01:43"]
[BlackClock "0:00:33"]

1. e4 c6 2. d4 d5 3. exd5 cxd5 4. Bd3 Nc6 5. Nf3 Qc7 6. h3 Nf6 7. O-O g6 8. Re1 Bf5 9. Bxf5 gxf5 10. Qd3 Ne4 11. Ne5 Nxe5 12. dxe5 e6 13. Bf4 Bc5 14. Be3 Bxe3 15. Rxe3 Rc8 16. c3 Rg8 17. Na3 f4 18. Nb5 Qxe5 19. Re2 Qg5 20. f3 Ng3 21. Nd6+ Kd7 22. Nxc8 Nxe2+ 23. Qxe2 Rxc8 24. Rd1 Kc7 25. c4 dxc4 26. Qd2 Qc5+ 27. Kh2 Kb8 28. Qxf4+ Qc7 29. Rd6 f5 30. Qe5 Re8 31. f4 a6 32. Kg3 Rg8+ 33. Kf3 c3 34. bxc3 Rg6 35. Rd8+ 1-0


[Site "https://www.chess.com"]

[Event "Titled Tuesday Blitz June 28 Early 2022"]
[White "D`Arruda, Ricardo D."]
[Black "Bintang, Rasyid A. Hidayat"]
[WhiteFideId "100692"]
[BlackFideId "7105355"]
[WhiteElo "2461"]
[BlackElo "2379"]
[Result "0-1"]
[Round "11"]
[TimeControl "180+1"]
[Date "2022.06.28"]
[WhiteClock "0:00:27"]
[BlackClock "0:01:20"]

1. d4 d5 2. Nf3 Nc6 3. Bf4 Bg4 4. e3 e6 5. Nbd2 Bd6 6. c3 Nf6 7. h3 Bxf3 8. Nxf3 O-O 9. Bd3 Ne7 10. Qc2 h6 11. O-O-O c5 12. Kb1 c4 13. Be2 b5 14. Ka1 b4 15. Bxd6 Qxd6 16. cxb4 Qxb4 17. Nd2 Rfb8 18. Bf3 a5 19. Nb1 a4 20. a3 Qb6 21. Nc3 Nc6 22. Rhe1 Na5 23. Ka2 Ra7 24. Nxa4 Qb5 25. Nc3 Qb7 26. e4 dxe4 27. Nxe4 Nxe4 28. Bxe4 Nc6 29. Bxc6 Qxc6 30. f3 Rb3 31. Re5 Qa4 32. Qc1 c3 33. Re2 Qc4 34. Kb1 Qxe2 0-1


[Site "https://www.chess.com"]

[Event "Titled Tuesday Blitz June 28 Early 2022"]
[White "Donatti, Alvaro"]
[Black "Boraso, Alessio"]
[WhiteFideId "3000303"]
[BlackFideId "848077"]
[WhiteElo "2138"]
[BlackElo "2286"]
[Result "0-1"]
[Round "11"]
[TimeControl "180+1"]
[Date "2022.06.28"]
[WhiteClock "0:00:55"]
[BlackClock "0:00:05"]

1. e4 Nf6 2. Nc3 d5 3. exd5 Nxd5 4. d4 Nxc3 5. bxc3 c5 6. Bd3 Nc6 7. Nf3 Bg4 8. Be3 cxd4 9. cxd4 Qa5+ 10. Bd2 Qh5 11. Be2 e6 12. h3 Bd6 13. c4 O-O 14. Bc3 Rfd8 15. Qd2 Rac8 16. O-O Bxh3 17. gxh3 Qxh3 18. Qg5 Bh2+ 19. Nxh2 Qxc3 20. Nf3 Nxd4 21. Nxd4 Qxd4 22. Rad1 Qf6 23. Rxd8+ Rxd8 24. Qxf6 gxf6 25. Rd1 Rxd1+ 26. Bxd1 Kf8 27. Kf1 Ke7 28. Ke2 Kd6 29. Ke3 Kc5 30. Kd3 Kb4 31. Kd4 Ka3 32. Bb3 a5 33. Kc5 h5 34. Bd1 h4 35. Bf3 a4 36. Kb5 Kxa2 37. Kxa4 b6 38. Kb5 Kb3 39. Bg2 f5 40. Bf3 e5 41. Bg2 e4 42. Bh3 f4 43. Bg2 f3 44. Bh1 h3 45. c5 bxc5 46. Kxc5 Kc3 47. Kd5 Kd3 48. Ke5 h2 49. Kf4 Kd4 50. Kg3 f5 51. Kxh2 f4 52. Kg1 Kd3 53. Kf1 Kd2 54. Kg1 Ke2 55. Kh2 Kxf2 56. Kh3 e3 57. Kh2 e2 58. Kh3 e1=Q 59. Kh2 Qe6 60. Bxf3 Qh6+ 61. Bh5 Qxh5# 0-1


[Site "https://www.chess.com"]

[Event "Titled Tuesday Blitz June 28 Early 2022"]
[White "Dushyant Sharma"]
[Black "Gracia Alvarez, Gerardo Antonio"]
[WhiteFideId "25065130"]
[BlackFideId "5109124"]
[WhiteElo "2105"]
[BlackElo "2139"]
[Result "1-0"]
[Round "11"]
[TimeControl "180+1"]
[Date "2022.06.28"]
[WhiteClock "0:01:14"]
[BlackClock "0:00:11"]

1. e4 c5 2. Nf3 Nc6 3. d4 cxd4 4. Nxd4 Nf6 5. Nc3 e5 6. Ndb5 h6 7. Nd6+ Bxd6 8. Qxd6 Qe7 9. Qd1 O-O 10. Bd3 Rd8 11. O-O d6 12. f4 exf4 13. Bxf4 d5 14. exd5 Qc5+ 15. Kh1 Nxd5 16. Nxd5 Qxd5 17. Qe2 Be6 18. Rae1 Re8 19. Qf2 Bf5 20. Rd1 Bxd3 21. Rxd3 Qxa2 22. b3 Re7 23. Rg3 Nd8 24. Bxh6 Ne6 25. Qf6 Qa6 26. Rxg7+ 1-0


[Site "https://www.chess.com"]

[Event "Titled Tuesday Blitz June 28 Early 2022"]
[White "Dwilewicz, Katarzyna"]
[Black "Hoffmann, Asa"]
[WhiteFideId "1148486"]
[BlackFideId "2001470"]
[WhiteElo "1907"]
[BlackElo "2117"]
[Result "1-0"]
[Round "11"]
[TimeControl "180+1"]
[Date "2022.06.28"]
[WhiteClock "0:00:06"]
[BlackClock "0:00:04"]

1. e4 d6 2. d4 Nf6 3. Nc3 c6 4. f4 Qa5 5. Nf3 Nxe4 6. Bd3 f5 7. O-O d5 8. Ne5 g6 9. Ne2 Bg7 10. c3 Nd7 11. Qe1 Qb6 12. Kh1 c5 13. Be3 Nxe5 14. fxe5 e6 15. a4 Bf8 16. Qh4 Be7 17. Qh6 Bf8 18. Qh4 Qd8 19. Qh3 c4 20. Bxe4 dxe4 21. Rad1 Bg7 22. Nf4 O-O 23. Qg3 Qe8 24. h4 Bd7 25. a5 Kh8 26. h5 gxh5 27. Kg1 Rg8 28. Qh3 Bh6 29. Kf2 Rg4 30. g3 h4 31. Rh1 Qf7 32. Ke2 Rag8 33. Rdg1 Bxf4 34. Bxf4 Qh5 35. Kd2 e3+ 36. Bxe3 Bc6 37. Rh2 f4 38. gxf4 Rxg1 39. Bxg1 Rxg1 40. Re2 Qf5 41. Qxf5 exf5 42. e6 Be8 43. d5 h3 44. d6 Rg2 45. d7 Rxe2+ 46. Kxe2 Bh5+ 47. Kf2 h2 48. d8=Q+ Kg7 49. Qg5+ Bg6 50. Kg2 b6 51. Kxh2 bxa5 52. e7 Kf7 53. Kg3 a4 54. Kf2 a3 55. bxa3 a5 56. Ke3 a4 57. Kd4 Ke8 58. Ke5 Kd7 59. Qf6 h5 60. Qf8 Be8 61. Kf6 h4 62. Qh6 h3 63. Qxh3 Kd6 64. Qe3 Bc6 65. Qd4+ Kc7 66. Qe5+ Kb6 67. e8=Q Bxe8 68. Qxe8 Kc5 69. Qe5+ Kc6 70. Kxf5 1-0


[Site "https://www.chess.com"]

[Event "Titled Tuesday Blitz June 28 Early 2022"]
[White "Fecker, Noah"]
[Black "Mekhane, Adam"]
[WhiteFideId "1334263"]
[BlackFideId "36050601"]
[WhiteElo "2312"]
[BlackElo "2002"]
[Result "1-0"]
[Round "11"]
[TimeControl "180+1"]
[Date "2022.06.28"]
[WhiteClock "0:01:42"]
[BlackClock "0:00:55"]

1. Nf3 Nf6 2. c4 g6 3. Nc3 Bg7 4. g3 O-O 5. Bg2 d6 6. O-O e5 7. d3 Nc6 8. Rb1 a5 9. a3 Be6 10. b4 axb4 11. axb4 Qc8 12. Re1 Nd4 13. Nxd4 exd4 14. Nb5 Ne8 15. Bb2 c5 16. Ra1 Bd7 17. bxc5 dxc5 18. Qb3 Bc6 19. Na7 Qc7 20. Nxc6 Rxa1 21. Rxa1 bxc6 22. Ba3 Nd6 23. Bxc5 Re8 24. Bf3 Nf5 25. Ra7 Qe5 26. Qb7 Nh6 27. Qxc6 Qf5 28. Qxe8+ 1-0


[Site "https://www.chess.com"]

[Event "Titled Tuesday Blitz June 28 Early 2022"]
[White "Fedoseev, Vladimir"]
[Black "Xiong, Jeffery"]
[WhiteFideId "24130737"]
[BlackFideId "2047640"]
[WhiteElo "2726"]
[BlackElo "2714"]
[Result "1-0"]
[Round "11"]
[TimeControl "180+1"]
[Date "2022.06.28"]
[WhiteClock "0:00:30"]
[BlackClock "0:00:01"]

1. d4 d5 2. c4 e6 3. Nf3 Nf6 4. g3 dxc4 5. Bg2 c6 6. O-O b5 7. b3 cxb3 8. Qxb3 Bb7 9. Bg5 Be7 10. Rc1 O-O 11. Nbd2 Nbd7 12. Ne5 Nxe5 13. dxe5 Nd7 14. Bxe7 Qxe7 15. f4 Rfd8 16. Ne4 Nb6 17. Nd6 Rxd6 18. exd6 Qxd6 19. Rd1 Qc5+ 20. Kh1 a5 21. Rac1 Nc4 22. Rd7 Ba6 23. Qd3 g6 24. Rc7 Qf8 25. Qd4 Rd8 26. Qa7 Qa3 27. Rg1 Ne3 28. Qxa6 Ng4 29. Bf3 Nf2+ 30. Kg2 Nd1 31. Qa7 Ne3+ 32. Kh1 Rf8 33. Rxc6 Nf5 34. Rc2 Rd8 35. Qc5 b4 36. Qb6 Rd6 37. Qb8+ Kg7 38. Qb5 Rd8 39. Qe5+ Kg8 40. Qf6 Re8 41. Rd2 Ne3 42. Rd3 1-0


[Site "https://www.chess.com"]

[Event "Titled Tuesday Blitz June 28 Early 2022"]
[White "Gatterer, Florian"]
[Black "Richter, Nils"]
[WhiteFideId "811688"]
[BlackFideId "12990809"]
[WhiteElo "2218"]
[BlackElo "2311"]
[Result "1-0"]
[Round "11"]
[TimeControl "180+1"]
[Date "2022.06.28"]
[WhiteClock "0:00:53"]
[BlackClock "0:01:10"]

1. d4 Nf6 2. Nf3 c5 3. d5 b5 4. e4 Nxe4 5. Bd3 Nd6 6. Bf4 g6 7. O-O Bg7 8. Bxd6 exd6 9. Re1+ Kf8 10. c3 c4 11. Bf1 Na6 12. a4 bxa4 13. Rxa4 Nc5 14. Ra2 Ba6 15. Nbd2 Bf6 16. Bxc4 Bxc4 17. Nxc4 Kg7 18. Nxd6 Qc7 19. Ne4 Qf4 20. Nxc5 Qc4 21. Nxd7 Qxa2 22. Nxf6 Kxf6 23. Qd4+ Kf5 24. Qe5+ Kg4 25. h3# 1-0


[Site "https://www.chess.com"]

[Event "Titled Tuesday Blitz June 28 Early 2022"]
[White "Gubajdullin, Alexei"]
[Black "Ismayil, Malak"]
[WhiteFideId "4141202"]
[BlackFideId "13412604"]
[WhiteElo "2280"]
[BlackElo "1879"]
[Result "1-0"]
[Round "11"]
[TimeControl "180+1"]
[Date "2022.06.28"]
[WhiteClock "0:02:03"]
[BlackClock "0:01:29"]

1. c4 e5 2. Nc3 Nf6 3. Nf3 Nc6 4. e3 Bb4 5. Qc2 O-O 6. Bd3 h6 7. Nd5 Be7 8. Nxf6+ Bxf6 9. a3 d6 10. h4 Bg4 11. Be4 Be7 12. b4 Rb8 13. Bb2 f5 14. Bd5+ Kh8 15. b5 Na5 16. Bc3 c6 17. Bxa5 Qxa5 18. bxc6 bxc6 19. Bxc6 Rbc8 20. Bd7 Rc7 21. Be6 Rf6 22. Ng5 Rg6 23. Bxf5 Rxc4 24. Qxc4 Bxf5 25. Qf7 Qd8 26. Qxf5 1-0


[Site "https://www.chess.com"]

[Event "Titled Tuesday Blitz June 28 Early 2022"]
[White "Gueci, Tea"]
[Black "Dobre, Claudiu-Cristian"]
[WhiteFideId "872342"]
[BlackFideId "1211854"]
[WhiteElo "2142"]
[BlackElo "2207"]
[Result "1-0"]
[Round "11"]
[TimeControl "180+1"]
[Date "2022.06.28"]
[WhiteClock "0:01:20"]
[BlackClock "0:00:08"]

1. e4 Nc6 2. Nf3 d6 3. d4 Nf6 4. Nc3 Bg4 5. Be3 e6 6. h3 Bh5 7. Be2 d5 8. e5 Ne4 9. Nxe4 dxe4 10. Ng1 Bg6 11. Qd2 Bb4 12. c3 Be7 13. Bd1 h5 14. Bc2 Qd7 15. Ne2 h4 16. Nf4 Bf5 17. O-O-O O-O-O 18. Qe2 g5 19. Nh5 Bg6 20. g4 Bxh5 21. gxh5 f5 22. exf6 Bxf6 23. Bxe4 Ne7 24. Qf3 Rdf8 25. Bxb7+ Kb8 26. Ba6 Nd5 27. Qe2 Qa4 28. Kb1 Ka8 29. Bb5 Qa5 30. Bd2 Qb6 31. c4 Bxd4 32. cxd5 exd5 33. Be3 Bxe3 34. fxe3 c6 35. Ba4 Rb8 36. Rc1 Rhe8 37. Bxc6+ 1-0


[Site "https://www.chess.com"]

[Event "Titled Tuesday Blitz June 28 Early 2022"]
[White "Gundam, Rohit"]
[Black "Blokhin, Sofia"]
[WhiteFideId "75002809"]
[BlackFideId "4508190"]
[WhiteElo "2343"]
[BlackElo "1760"]
[Result "1-0"]
[Round "11"]
[TimeControl "180+1"]
[Date "2022.06.28"]
[WhiteClock "0:02:20"]
[BlackClock "0:00:09"]

1. d4 f5 2. Nc3 e6 3. e4 fxe4 4. Nxe4 Nf6 5. Bg5 Be7 6. Bxf6 Bxf6 7. Qh5+ g6 8. Qh6 d5 9. Nxf6+ Qxf6 10. Nf3 Nc6 11. O-O-O Bd7 12. Bb5 O-O-O 13. Bxc6 Bxc6 14. Qg5 Qf8 15. Rhe1 Bd7 16. h4 Qb4 17. c3 Qa4 18. a3 Rhf8 19. Qd2 Qb3 20. Qc2 Qa2 21. Qb1 Qb3 22. Nd2 Qb6 23. f3 Ba4 24. b3 Bb5 25. a4 Bd7 26. Re5 c5 27. Qb2 cxd4 28. cxd4 Kb8 29. Kb1 Rc8 30. Rc1 Rxc1+ 31. Kxc1 Rc8+ 32. Kb1 Qb4 33. Re1 Rc3 34. Rc1 Rd3 35. Qc2 Qxd2 36. Qc7+ Ka8 37. Qc8+ Bxc8 38. Rxc8# 1-0


[Site "https://www.chess.com"]

[Event "Titled Tuesday Blitz June 28 Early 2022"]
[White "Hambleton, Aman"]
[Black "Przybylski, Wojciech"]
[WhiteFideId "2606577"]
[BlackFideId "1117599"]
[WhiteElo "2552"]
[BlackElo "2133"]
[Result "0-1"]
[Round "11"]
[TimeControl "180+1"]
[Date "2022.06.28"]
[WhiteClock "0:00:03"]
[BlackClock "0:00:08"]

1. d4 d5 2. Bf4 Nf6 3. e3 c6 4. c4 e6 5. Nc3 Be7 6. Nf3 O-O 7. Rc1 Nbd7 8. h3 b6 9. cxd5 exd5 10. Bd3 Bb7 11. O-O Rc8 12. Qa4 a5 13. Rfd1 b5 14. Qc2 Nb6 15. Ne5 Nc4 16. b3 Nd6 17. a4 g6 18. axb5 cxb5 19. Qa2 Qb6 20. Be2 Rfd8 21. Bg5 Kg7 22. Qa1 h6 23. Bh4 Rc7 24. Bxf6+ Bxf6 25. Bf3 Ne4 26. Nxe4 dxe4 27. Be2 h5 28. Rxc7 Qxc7 29. Bxb5 Qc2 30. Rc1 Qd2 31. Qc3 Qxc3 32. Rxc3 Bxe5 33. dxe5 Rd5 34. Ba4 Rxe5 35. Rc7 Ba6 36. Ra7 Bd3 37. g4 hxg4 38. hxg4 Kf6 39. Kh2 Kg5 40. Rxf7 Kxg4 41. Bd7+ Kg5 42. Kg3 Rc5 43. Be6 Bc2 44. Re7 Re5 45. Re8 Kf6 46. Bd7 Rxe8 47. Bxe8 Bxb3 48. Kf4 a4 49. Bxa4 g5+ 50. Kxe4 Bxa4 51. Kf3 Bc6+ 52. Kg4 Bd7+ 53. Kg3 Kf5 54. Kf3 Bc6+ 55. Kg3 g4 56. Kh2 Bf3 57. Kg3 Kg5 58. Kh2 Kh4 59. Kg1 Kh3 60. Kf1 Kh2 61. e4 Bxe4 62. f4 gxf3 63. Kf2 Kh3 64. Kg1 Kg3 65. Kf1 Bf5 66. Kg1 f2+ 67. Kh1 Be4# 0-1


[Site "https://www.chess.com"]

[Event "Titled Tuesday Blitz June 28 Early 2022"]
[White "Dronavalli, Harika"]
[Black "Golubovskis, Maksims"]
[WhiteFideId "5015197"]
[BlackFideId "11608528"]
[WhiteElo "2382"]
[BlackElo "2102"]
[Result "1-0"]
[Round "11"]
[TimeControl "180+1"]
[Date "2022.06.28"]
[WhiteClock "0:01:54"]
[BlackClock "0:00:40"]

1. d4 Nf6 2. c4 e6 3. Nc3 Bb4 4. Nf3 O-O 5. e3 d5 6. Bd2 b6 7. Rc1 Bb7 8. cxd5 exd5 9. Bd3 a6 10. Ne5 Nbd7 11. f4 c5 12. O-O Qe7 13. Be1 Bxc3 14. Bxc3 Nxe5 15. fxe5 Ne4 16. Bxe4 dxe4 17. d5 Rad8 18. d6 Qe6 19. Qh5 f6 20. exf6 gxf6 21. Bxf6 Rxf6 22. Qg5+ Kf7 23. Rxf6+ Qxf6 24. Rf1 Qxf1+ 25. Kxf1 Rxd6 26. Ke1 h6 27. Qe5 Rd7 28. Qf5+ Ke7 29. Qh7+ Kd8 30. Qxh6 Kc7 31. h4 b5 32. h5 b4 33. Qf4+ Kb6 34. h6 c4 35. Qf6+ Kb5 36. h7 Rxh7 37. Qf5+ 1-0


[Site "https://www.chess.com"]

[Event "Titled Tuesday Blitz June 28 Early 2022"]
[White "Harsh Suresh"]
[Black "De La Colina, Nicolas"]
[WhiteFideId "45018464"]
[BlackFideId "30946921"]
[WhiteElo "2059"]
[BlackElo "2046"]
[Result "1-0"]
[Round "11"]
[TimeControl "180+1"]
[Date "2022.06.28"]
[WhiteClock "0:00:05"]
[BlackClock "0:00:01"]

1. e4 c5 2. Nc3 Nc6 3. Bb5 Nd4 4. Bc4 e6 5. Nge2 Nf6 6. O-O a6 7. e5 d5 8. Bd3 Nd7 9. f4 Nc6 10. Ng3 g6 11. a4 b6 12. Kh1 Bg7 13. Be2 Bb7 14. d3 h5 15. Rf2 Ne7 16. Qe1 h4 17. Nf1 Nf5 18. Nd1 Ng3+ 19. Kg1 Nxe2+ 20. Qxe2 h3 21. g4 Qc7 22. Ng3 O-O-O 23. c3 d4 24. cxd4 cxd4 25. Ne4 Nc5 26. Bd2 Nxe4 27. dxe4 Kb8 28. Rc1 Qd7 29. Bb4 Bf8 30. Bxf8 Rhxf8 31. Qd3 Qxa4 32. Rfc2 Qb5 33. Qxb5 axb5 34. Nf2 d3 35. Rd2 Rd4 36. Re1 Rfd8 37. Re3 b4 38. Kf1 Kc7 39. f5 gxf5 40. exf5 Ba6 41. Rxh3 Bb5 42. Rf3 Ra8 43. Kg2 Ra2 44. Kg3 Bc6 45. Rf4 Rd5 46. Nxd3 Bb5 47. Rc2+ Kb7 48. Nxb4 Rxe5 49. Nxa2 Re3+ 50. Kh4 Bf1 51. Rxf1 1-0


[Site "https://www.chess.com"]

[Event "Titled Tuesday Blitz June 28 Early 2022"]
[White "Hartikainen, Jarmo"]
[Black "Sadubayev, Airat"]
[WhiteFideId "503134"]
[BlackFideId "13713264"]
[WhiteElo "2127"]
[BlackElo "2230"]
[Result "0-1"]
[Round "11"]
[TimeControl "180+1"]
[Date "2022.06.28"]
[WhiteClock "0:00:33"]
[BlackClock "0:00:44"]

1. e4 c6 2. d4 d5 3. Nc3 dxe4 4. Nxe4 Bf5 5. Ng3 Bg6 6. h4 h6 7. Bc4 e6 8. N1e2 Nf6 9. Nf4 Bh7 10. O-O Nbd7 11. Bxe6 fxe6 12. Nxe6 Qb6 13. Re1 Kf7 14. Qe2 Re8 15. Bd2 Bb4 16. c3 Bd6 17. Qc4 Nd5 18. Nf4 Bxf4 19. Bxf4 Qb5 20. Qxb5 cxb5 21. a4 Nxf4 0-1


[Site "https://www.chess.com"]

[Event "Titled Tuesday Blitz June 28 Early 2022"]
[White "Harvey, Marcus R"]
[Black "Hovhannisyan, Robert"]
[WhiteFideId "400092"]
[BlackFideId "13302507"]
[WhiteElo "2485"]
[BlackElo "2570"]
[Result "1-0"]
[Round "11"]
[TimeControl "180+1"]
[Date "2022.06.28"]
[WhiteClock "0:00:06"]
[BlackClock "0:00:05"]

1. d4 d5 2. c4 c6 3. cxd5 cxd5 4. Bf4 Nc6 5. e3 Bf5 6. Bb5 e6 7. Ne2 Bd6 8. O-O Ne7 9. Nd2 O-O 10. Bxd6 Qxd6 11. Nc3 a6 12. Be2 Rfc8 13. Nb3 Bg6 14. a3 Qd8 15. Nc5 Rc7 16. Qd2 Nf5 17. Rfc1 Nd6 18. b4 Ne7 19. Bf1 h6 20. N3a4 Rcc8 21. f3 Nc4 22. Qf2 b6 23. Nd3 Bxd3 24. Bxd3 Rab8 25. Bxc4 dxc4 26. e4 Qd7 27. Nc3 b5 28. Rd1 Rd8 29. Rd2 Qb7 30. Rad1 Rd7 31. h4 Rbd8 32. h5 Qa7 33. d5 Qxf2+ 34. Kxf2 exd5 35. exd5 Nf5 36. Ne4 Nd6 37. Nc5 Ra7 38. a4 Rb8 39. a5 Kf8 40. g4 Re8 41. Rd4 Raa8 42. R1d2 Re7 43. Re2 Rxe2+ 44. Kxe2 g5 45. Kd2 Kg7 46. f4 Kf6 47. Nd7+ Ke7 48. Nc5 Kf6 49. Nd7+ Ke7 50. Nc5 gxf4 51. Rxf4 Ra7 52. Kc3 Ra8 53. Rf1 Rg8 54. Rf4 Ra8 55. Kd4 Ra7 56. Rf3 Ra8 57. Ke5 Ra7 58. Re3 Ra8 59. Kf4+ Kf6 60. Nd7+ Kg7 61. Nc5 Ra7 62. g5 hxg5+ 63. Kxg5 f6+ 64. Kf4 Kh6 65. Re6 Nf7 66. Rxf6+ Kxh5 67. Rxa6 Re7 68. Re6 Rc7 69. Ke3 c3 70. Kd3 Ng5 71. Rc6 Rf7 72. Kxc3 Rf3+ 73. Kd4 Rf4+ 74. Kc3 Rf3+ 75. Kc2 Rf2+ 76. Kd3 Rf3+ 77. Ke2 Ra3 78. a6 Kg4 79. d6 Ra2+ 80. Kd3 Ra3+ 81. Kc2 Nf3 82. Kb2 Re3 83. a7 Re2+ 84. Kb1 Re1+ 85. Kc2 Re2+ 86. Kd1 Rd2+ 87. Kc1 Ra2 88. Ra6 Re2 89. a8=Q Nd4 90. Qd5 Re1+ 91. Kd2 Re2+ 92. Kd3 Nf3 93. Kxe2 Nh4 94. Qe4+ Kg3 95. Qxh4+ Kg2 96. d7 Kg1 97. d8=Q 1-0


[Site "https://www.chess.com"]

[Event "Titled Tuesday Blitz June 28 Early 2022"]
[White "Heinemann, Josefine"]
[Black "Li, Zhuoling"]
[WhiteFideId "12900460"]
[BlackFideId "8605629"]
[WhiteElo "2300"]
[BlackElo "2298"]
[Result "1/2-1/2"]
[Round "11"]
[TimeControl "180+1"]
[Date "2022.06.28"]
[WhiteClock "0:00:17"]
[BlackClock "0:00:38"]

1. Nf3 Nf6 2. c4 g6 3. Nc3 d5 4. cxd5 Nxd5 5. h4 Nf6 6. e4 Bg7 7. Be2 Nc6 8. d3 e5 9. Bg5 h6 10. Be3 Be6 11. d4 exd4 12. Nxd4 Nxd4 13. Qxd4 Qxd4 14. Bxd4 Rd8 15. Be3 a6 16. f3 Nd7 17. Kf2 Ne5 18. Rhd1 O-O 19. h5 g5 20. g4 Bc4 21. Rxd8 Rxd8 22. Rd1 Rxd1 23. Nxd1 Bxa2 24. Nc3 Be6 25. Nd5 Bxd5 26. exd5 Kf8 27. f4 gxf4 28. Bxf4 Ke7 29. b3 Kd6 30. Bf3 Kc5 31. Bxe5 Bxe5 32. d6 cxd6 33. Bxb7 a5 34. Ke2 Kd4 35. Kf3 d5 36. Bc6 Kc5 37. Bb7 f6 38. Ba8 Kd4 39. Bb7 Bd6 40. Bc6 Ke5 41. Bd7 d4 42. Bf5 Kd5 43. Ke2 Kc5 44. Kd3 Be5 45. Be6 Kb4 46. Bf7 a4 47. bxa4 Kxa4 48. Be6 Kb4 49. Bf7 Kc5 50. Be6 Kd6 1/2-1/2


[Site "https://www.chess.com"]

[Event "Titled Tuesday Blitz June 28 Early 2022"]
[White "Hollan, Petr"]
[Black "Rustemov, Alexander"]
[WhiteFideId "360945"]
[BlackFideId "4119002"]
[WhiteElo "2284"]
[BlackElo "2729"]
[Result "0-1"]
[Round "11"]
[TimeControl "180+1"]
[Date "2022.06.28"]
[WhiteClock "0:00:40"]
[BlackClock "0:00:36"]

1. e4 e6 2. d4 d5 3. Nc3 Bb4 4. exd5 exd5 5. Bd3 Nc6 6. Ne2 Nge7 7. O-O Bf5 8. a3 Bxc3 9. Nxc3 Qd7 10. Bxf5 Qxf5 11. Re1 O-O 12. Be3 a6 13. h3 h5 14. Qd2 Rfe8 15. f3 h4 16. Bf2 Ng6 17. Rad1 f6 18. Ne2 Re6 19. Nc1 Rae8 20. Nd3 b6 21. Rxe6 Rxe6 22. Re1 Rxe1+ 23. Qxe1 Kf7 24. b3 a5 25. Qe3 Nd8 26. c4 Ne6 27. c5 bxc5 28. Nxc5 Nxc5 29. dxc5 Nf4 30. Bxh4 d4 31. Qd2 d3 32. Bg3 Qxc5+ 33. Kh2 Ne2 34. Qd1 Qc2 35. Qe1 d2 36. Qxe2 d1=Q 37. Qa6 Qde2 0-1


[Site "https://www.chess.com"]

[Event "Titled Tuesday Blitz June 28 Early 2022"]
[White "Ibarra Jerez, Jose Carlos"]
[Black "Bortnyk, Olexandr"]
[WhiteFideId "2226332"]
[BlackFideId "14120828"]
[WhiteElo "2628"]
[BlackElo "2723"]
[Result "0-1"]
[Round "11"]
[TimeControl "180+1"]
[Date "2022.06.28"]
[WhiteClock "0:00:03"]
[BlackClock "0:00:45"]

1. Nf3 d6 2. e4 Nf6 3. Nc3 e5 4. d4 Nbd7 5. Bc4 Be7 6. a4 c6 7. O-O h6 8. Re1 Qc7 9. b3 g5 10. Ba3 Nf8 11. Qd3 Ng6 12. Rad1 Nf4 13. Qe3 Bg4 14. h3 Bh5 15. Ne2 Nxe2+ 16. Bxe2 Bg6 17. Nd2 O-O 18. Bf3 Rad8 19. dxe5 dxe5 20. Bxe7 Qxe7 21. Qxa7 h5 22. Qe3 g4 23. hxg4 hxg4 24. Be2 Kg7 25. Qg5 Rh8 26. Bxg4 Qc5 27. Bf5 Rh5 28. Qg3 Qxc2 29. Bxg6 fxg6 30. Rc1 Qxd2 31. Qf3 Rdh8 32. g3 Rh1+ 0-1


[Site "https://www.chess.com"]

[Event "Titled Tuesday Blitz June 28 Early 2022"]
[White "Ivanov, Mike"]
[Black "Karaev, Seit-Amet"]
[WhiteFideId "2613158"]
[BlackFideId "4169549"]
[WhiteElo "2182"]
[BlackElo "2272"]
[Result "0-1"]
[Round "11"]
[TimeControl "180+1"]
[Date "2022.06.28"]
[WhiteClock "0:00:14"]
[BlackClock "0:01:11"]

1. e4 Nf6 2. e5 Nd5 3. c4 Nb6 4. d4 d6 5. Nf3 g6 6. Nc3 Bg7 7. Be3 O-O 8. Qb3 a5 9. O-O-O a4 10. Qa3 d5 11. c5 Nc4 12. Bxc4 dxc4 13. Qb4 a3 14. Qxc4 axb2+ 15. Kxb2 Nc6 16. Rhe1 Bg4 17. Bg5 Bxf3 18. gxf3 Qe8 19. f4 Kh8 20. d5 Na5 21. Qe4 f6 22. Bh4 fxe5 23. fxe5 e6 24. Ka1 Nb3+ 25. Kb1 Nxc5 26. Qc4 Na4 27. dxe6 Nxc3+ 28. Qxc3 Qxe6 29. Qb3 Qf5+ 30. Qc2 Qg4 31. Bf6 Bxf6 32. exf6 Rxf6 33. Qxc7 Qb4+ 34. Ka1 Rxa2+ 35. Kxa2 Ra6+ 0-1


[Site "https://www.chess.com"]